Map: Ruins of Endion

Players

kurwachuj - Winner!

  • Race: Terran Terran
  • League: Platinum

blackxored

  • Race: Zerg Zerg
  • League: Platinum

VOD

Have the link to the VOD?

Description

Time

  • Played on: June 25, 2016, 1:22 p.m.
  • Length: 20:27
Show
View Real Time Build Order
Export as new Build Order

kurwachuj Terran - Winner!

Build Orders: Reaper Expand, Bio Tank 

Get SALT Encoding   

  12  0:01  SCV  
  13  0:13  SCV  
  14  0:18  Supply Depot  
  14  0:25  SCV  
  15  0:39  SCV  
  15  0:41  Barracks  
  16  0:49  Refinery  
  16  0:52  SCV  
  17  1:04  SCV  
  18  1:16  SCV  
  19  1:29  Orbital Command  
  19  1:31  Reaper  
  20  1:43  Command Center  
  20  1:50  Refinery  
  20  1:59  Supply Depot  
  20  2:00  SCV  
  21  2:04  Barracks Reactor  
  21  2:12  SCV  
  22  2:24  SCV  
  22  2:25  Factory  
  23  2:36  SCV  
  24  2:48  SCV  
  24  2:51  Marine  
  25  3:00  SCV  
  27  3:10  Factory  
  27  3:12  SCV  
  28  3:16  Orbital Command  
  28  3:17  Bunker  
  28  3:18  Hellion  
  28  3:19  Hellion, Barracks Tech Lab  
  31  3:24  SCV  
  32  3:33  Starport  
  32  3:36  SCV  
  32  3:40  Hellion  
  35  3:42  Hellion  
  35  3:47  Supply Depot, SCV  
  38  3:48  SCV  
  38  3:49  Stimpack  
  38  3:55  Hellion  
  41  3:59  SCV  
  41  4:01  Hellion  
  41  4:02  Marine  
  45  4:03  Liberator  
  45  4:05  SCV  
  45  4:09  Hellion  
  48  4:11  SCV  
  48  4:13  Supply Depot  
  49  4:17  SCV  
  53  4:25  SCV  
  54  4:35  SCV  
  54  4:36  Armory  
  54  4:37  Supply Depot, SCV  
  56  4:48  SCV  
  56  4:49  SCV  
  56  4:50  Hellion  
  56  4:51  Hellion  
  62  4:56  Refinery  
  62  4:58  Refinery  
  62  4:59  Hellion  
  64  5:00  Supply Depot, SCV  
  65  5:12  Hellion  
  67  5:14  Starport Reactor  
  67  5:15  Marine  
  67  5:16  Command Center  
  68  5:27  SCV  
  68  5:28  SCV  
  70  5:40  SCV x2  
  72  5:47  Liberator x2  
  70  5:52  SCV x2  
  66  5:57  Hellion  
  66  5:58  Hellion x2  
  66  6:04  SCV x2  
  59  6:07  Marine, Combat Shields  
  67  6:12  Barracks  
  67  6:13  Barracks  
  67  6:14  Barracks  
  67  6:16  SCV x2  
  69  6:24  Engineering Bay  
  69  6:37  Factory Tech Lab  
  69  6:48  Factory Tech Lab  
  69  6:49  Medivac x2  
  69  6:51  Barracks  
  73  6:54  Marine  
  73  7:00  Terran Infantry Weapons Level 1  
  74  7:02  SCV, Missile Turret  
  74  7:03  SCV  
  76  7:12  Marine  
  76  7:13  Barracks Reactor x3  
  76  7:15  SCV x2  
  79  7:20  Medivac x2  
  79  7:22  Siege Tank x2  
  89  7:27  SCV x2  
  91  7:30  Marine  
  91  7:33  Missile Turret  
  91  7:34  Orbital Command  
  92  7:39  Refinery, SCV  
  92  7:44  Refinery  
  93  7:49  Supply Depot  
  93  7:51  Engineering Bay  
  93  8:06  Supply Depot  
  93  8:11  Marine x4, Medivac, SCV x2  
  101  8:21  Terran Ship Weapons Level 1  
  101  8:27  Marine x3, Siege Tank, SCV x2  
  101  8:29  Supply Depot, Terran Infantry Armor Level 1  
  109  8:34  Supply Depot x2  
  109  8:35  Supply Depot  
  109  8:50  Marine x2, Siege Tank, SCV x3  
  117  8:56  Marine x7  
  117  8:58  Command Center  
  117  8:59  Supply Depot, Siege Tank  
  129  9:02  SCV x2  
  129  9:09  Marine x2  
  130  9:13  Marine x7  
  130  9:14  SCV  
  139  9:17  SCV x2  
  139  9:18  Liberator x2  
  139  9:22  Siege Tank  
  142  9:27  Marine x2, SCV  
  142  9:29  SCV  
  135  9:31  Marine x2, Siege Tank  
  144  9:41  SCV x3  
  138  9:48  Marine  
  138  9:49  Marine x2  
  127  9:54  Siege Tank  
  127  9:57  Marine  
  127  9:58  Marine  
  127  9:59  SCV x2  
  131  10:00  SCV  
  131  10:01  Marine x3, Liberator x2  
  135  10:07  Marine x4  
  135  10:09  Siege Tank  
  135  10:11  SCV x2  
  135  10:12  SCV  
  135  10:13  Missile Turret  
  145  10:15  Marine x2  
  145  10:17  Starport  
  145  10:18  Marine  
  154  10:23  SCV  
  154  10:26  Planetary Fortress  
  154  10:27  Siege Tank  
  158  10:29  Marine x2  
  160  10:35  Missile Turret  
  160  10:36  Refinery  
  160  10:38  Marine x4, Refinery  
  164  10:50  Liberator  
  164  10:53  Marine x2  
  164  10:54  Marine  
  164  10:55  Missile Turret  
  164  11:03  Command Center  
  164  11:04  Marine  
  164  11:05  Marine x5, SCV x3  
  164  11:07  Supply Depot x2  
  164  11:19  Marine x3  
  164  11:22  Marine x2  
  164  11:23  Marine x4  
  161  11:25  Missile Turret  
  161  11:32  Supply Depot  
  159  11:37  Marine x3  
  151  11:40  Marine x2  
  151  11:41  Marine x2  
  151  11:43  Marine  
  151  11:44  Marine  
  143  11:48  Missile Turret  
  143  11:50  Liberator x2  
  142  11:54  Marine x3  
  142  11:58  Marine x4  
  142  12:01  Marine  
  149  12:02  Marine  
  149  12:06  Siege Tank, Widow Mine  
  162  12:12  Marine x3  
  164  12:15  Marine  
  164  12:16  Marine x3  
  164  12:18  Terran Infantry Weapons Level 2  
  164  12:19  Marine x2, Starport Tech Lab  
  164  12:20  Terran Vehicle Weapons Level 1  
  164  12:22  Terran Infantry Armor Level 2  
  159  12:23  Fusion Core  
  154  12:30  Marine x3  
  154  12:33  Marine, Liberator x2  
  154  12:34  Marine x3  
  154  12:35  Siege Tank  
  154  12:37  Marine x2  
  156  12:38  Siege Tank  
  157  12:48  Marine x3  
  165  12:51  Marine  
  165  12:52  Marine x3  
  165  12:54  Marine  
  165  12:55  Marine  
  156  13:06  Marine x3  
  156  13:07  Siege Tank  
  156  13:11  Marine x3  
  158  13:15  Liberator  
  158  13:16  Liberator  
  158  13:19  Marine x3  
  151  13:24  Marine x3  
  154  13:29  Marine x2  
  154  13:32  Marine  
  152  13:36  SCV  
  152  13:37  Marine x3  
  145  13:41  Marine x3  
  145  13:47  Marine x2  
  139  13:49  Marine  
  139  13:55  Marine x3  
  140  13:59  Marine x3  
  144  14:04  Marine  
  144  14:08  Marine x2  
  147  14:12  Marine, SCV x2  
  147  14:13  Marine x2, Planetary Fortress  
  152  14:17  Marine  
  152  14:19  Marine  
  152  14:20  Marine  
  152  14:22  Command Center  
  152  14:24  Medivac x2  
  152  14:26  Advanced Ballistics  
  152  14:28  Marine x2  
  152  14:30  Starport  
  158  14:37  Command Center, Missile Turret  
  158  14:44  Marine x3  
  158  14:45  Marine  
  159  14:55  Marine  
  159  14:56  Marine x2, Command Center  
  159  14:59  Refinery  
  159  15:00  Refinery  
  159  15:04  Marine  
  160  15:07  Medivac  
  160  15:08  Medivac  
  160  15:11  Siege Tank x2  
  167  15:23  Marine x2  
  167  15:24  Marine x3  
  170  15:35  Marine  
  170  15:36  Marine x3  
  170  15:37  Missile Turret  
  170  15:40  Marine  
  170  15:41  Marine  
  170  15:42  Marine x3  
  173  15:43  Siege Tank x2  
  173  15:48  Liberator  
  163  15:53  Marine x2  
  163  15:54  Marine x2  
  161  15:57  Missile Turret  
  161  15:58  Marine x2  
  161  16:00  Marine x3  
  145  16:11  Marine x3  
  145  16:12  Marine  
  145  16:16  Marine x2, Missile Turret  
  145  16:17  Marine, Missile Turret  
  145  16:18  Marine x2, Planetary Fortress  
  150  16:23  Missile Turret  
  146  16:35  Liberator  
  146  16:36  Liberator  
  146  16:37  Marine  
  146  16:38  Marine x3  
  146  16:39  Missile Turret  
  145  16:40  Planetary Fortress  
  145  16:43  Missile Turret  
  145  16:45  Starport Reactor  
  145  16:47  Ghost Academy  
  145  16:51  Thor x2  
  145  16:54  Barracks  
  163  16:55  Terran Vehicle Weapons Level 2  
  163  17:00  Barracks  
  154  17:01  Refinery  
  154  17:03  Barracks, Planetary Fortress  
  154  17:04  Missile Turret  
  154  17:05  Marine x2  
  147  17:26  Marine x2, Barracks  
  149  17:30  Marine  
  149  17:31  Marine x6  
  149  17:34  Liberator  
  156  17:37  Missile Turret  
  156  17:41  Thor x2  
  156  17:44  Marine x2, Barracks Tech Lab, Refinery  
  168  17:46  Missile Turret  
  168  17:47  Refinery, Missile Turret  
  168  17:48  Marine, Missile Turret  
  168  17:49  Missile Turret  
  168  17:51  Liberator x2  
  171  17:58  Missile Turret  
  179  18:14  Barracks, Ghost  
  179  18:15  Marine x4  
  179  18:17  Liberator  
  185  18:24  Thor x2  
  185  18:26  Barracks Tech Lab x2  
  197  18:33  Liberator  
  195  18:38  Marine x2  
  199  18:48  Barracks Tech Lab  
  199  18:54  Liberator x2  
  189  18:58  Ghost  
  172  19:07  Medivac  
  174  19:13  Marine x5  
  174  19:14  Marine x3  
  174  19:17  Medivac  
  190  19:21  Refinery  
  190  19:26  Ghost  
  190  19:31  Marine x6  
  193  19:33  Barracks  
  195  19:39  Marine  
  195  19:40  Marine, Command Center  
  195  19:42  Barracks Tech Lab  
  195  19:43  Ghost  
  199  19:46  Command Center  
  199  19:47  Marine  
Show
View Real Time Build Order
Export as new Build Order

blackxored Zerg 

Build Orders: Hatch First 

Get SALT Encoding   

  12  0:01  Drone  
  13  0:08  Drone  
  14  0:17  Overlord  
  14  0:23  Extractor  
  14  0:24  Drone  
  15  0:39  Drone x2  
  17  0:56  Hatchery  
  16  0:58  Drone  
  16  0:59  Drone  
  18  1:13  Extractor  
  18  1:16  Spawning Pool  
  18  1:17  Drone  
  17  1:20  Drone  
  18  1:27  Drone  
  19  1:38  Overlord  
  19  1:50  Drone  
  20  2:02  Drone  
  20  2:04  Queen  
  23  2:14  Queen  
  25  2:20  Zergling x2  
  25  2:21  Hatchery  
  25  2:22  Zergling x2  
  26  2:35  Zergling x2  
  26  2:36  Zergling x6  
  28  3:02  Overlord, Queen  
  30  3:05  Pneumatized Carapace  
  30  3:07  Drone x2  
  30  3:08  Drone  
  33  3:13  Overlord  
  33  3:28  Drone x5  
  38  3:56  Drone x10  
  47  4:10  Roach Warren, Drone  
  47  4:12  Drone x3  
  47  4:13  Extractor  
  49  4:18  Lair  
  49  4:23  Zergling x4  
  51  4:31  Queen  
  51  4:35  Metabolic Boost  
  54  4:52  Drone  
  54  4:56  Roach, Spine Crawler  
  54  4:57  Roach  
  54  4:58  Overlord x3  
  57  5:10  Overlord x2  
  57  5:15  Queen x2  
  57  5:19  Roach  
  57  5:20  Roach x4  
  64  5:36  Spore Crawler  
  64  5:41  Roach  
  64  5:42  Roach x3  
  67  6:00  Roach  
  67  6:01  Roach x3  
  73  6:16  Glial Reconstitution  
  73  6:20  Extractor  
  73  6:21  Extractor  
  73  6:22  Drone x2  
  73  6:23  Evolution Chamber  
  73  6:24  Evolution Chamber  
  67  6:38  Drone x5  
  72  6:46  Drone  
  72  6:47  Drone x3  
  76  6:52  Drone x2  
  78  6:56  Zerg Missile Weapons Level 1  
  78  7:01  Zerg Ground Armor Level 1  
  78  7:03  Drone x3  
  78  7:05  Drone  
  78  7:06  Drone  
  83  7:09  Drone  
  83  7:13  Drone  
  83  7:14  Drone  
  86  7:17  Queen  
  86  7:22  Roach x3  
  94  7:24  Ravager  
  95  7:33  Drone x2  
  95  7:34  Extractor x2  
  95  7:35  Drone x2  
  97  7:39  Overlord x2  
  97  7:40  Overlord x2  
  97  7:47  Overlord  
  97  7:48  Overlord x2  
  97  7:50  Overseer  
  97  8:00  Drone  
  97  8:01  Drone x3  
  97  8:04  Drone  
  97  8:05  Infestation Pit  
  101  8:09  Roach x2  
  105  8:19  Queen  
  107  8:25  Roach x6  
  119  8:27  Ravager x3  
  119  8:28  Ravager  
  123  8:36  Hatchery  
  122  8:45  Roach x9  
  140  8:51  Ravager x2  
  142  9:05  Zerg Melee Weapons Level 1  
  142  9:18  Roach  
  142  9:20  Overlord  
  142  9:21  Overlord x2  
  129  9:52  Roach x18  
  158  10:12  Roach x5  
  168  10:14  Overlord x3  
  168  10:16  Hive  
  168  10:32  Queen  
  168  10:34  Zerg Ground Armor Level 2  
  170  10:39  Ravager x8  
  172  10:59  Overseer  
  172  11:09  Infestor  
  172  11:10  Infestor  
  172  11:39  Roach x13  
  192  11:40  Roach x4  
  163  11:53  Roach x2  
  163  11:54  Roach x4  
  171  11:56  Ravager x3  
  174  12:06  Extractor, Drone x4  
  174  12:08  Extractor  
  171  12:33  Ravager x5  
  172  12:54  Roach x10  
  172  12:57  Overlord x3  
  178  13:24  Roach x11  
  178  13:26  Zerg Missile Weapons Level 2  
  162  14:05  Overseer  
  144  14:20  Ravager  
  144  14:21  Ravager x7  
  144  14:22  Ravager  
  149  14:30  Ultralisk Cavern  
  140  14:49  Spore Crawler  
  137  15:02  Drone x10  
  137  15:03  Drone x5  
  141  15:18  Ultralisk x2  
  115  15:46  Roach x10  
  111  15:57  Roach x2  
  102  16:11  Roach x3  
  102  16:12  Roach x2  
  112  16:25  Hatchery  
  111  16:37  Hatchery  
  108  16:43  Ultralisk Cavern  
  105  16:48  Drone x3  
  105  16:50  Drone x3  
  112  17:02  Hatchery  
  107  17:40  Ultralisk  
  107  17:41  Ultralisk  
  107  17:44  Chitinous Plating  
  113  18:08  Evolution Chamber  
  113  18:09  Drone x4  
  113  18:11  Drone, Evolution Chamber  
  113  18:12  Drone  
  92  18:43  Spawning Pool  
  92  18:46  Drone x4  
  91  19:01  Hatchery  
  79  19:21  Roach x4  
  79  19:22  Roach x2  
  88  19:41  Ultralisk  
  92  19:58  Spore Crawler  
Tags
 
Add a new tag
Caveats
  • Supply blocks, unpowered buildings, or Contaminate may cause inaccurate times.
  • Supply counts are checked every 10 seconds.